 Dungeon Crawl Stone Soup version 0.21-a0-286-g6fcecc0 (webtiles) character file.

37 tidbits the Grave Robber (level 3, 22/26 HPs)
             Began as a Draconian Necromancer on Sept 25, 2017.
             Quit the game on level 3 of the Dungeon.
             The game lasted 00:04:28 (948 turns).

tidbits the Grave Robber (Draconian Necromancer)     Turns: 948, Time: 00:04:29

Health: 22/26      AC:  5    Str: 10    XL:     3   Next: 21%
Magic:  0/6        EV: 12    Int: 16    God:
Gold:   12         SH:  0    Dex: 11    Spells: 1/6 levels left

rFire    . . .     SeeInvis .   l - +0 whip (curse)
rCold    . . .     Gourm    .   (no shield)
rNeg     . . .     Faith    .   (armour unavailable)
rPois    .         Spirit   .   (helmet restricted)
rElec    .         Reflect  .   (no cloak)
rCorr    .         Harm     .   (no gloves)
MR       .....                  (no boots)
Stlth    ++........             (no amulet)
HPRegen  0.08/turn              (no ring)
MPRegen  0.10/turn              (no ring)

@: very slightly contaminated, invisible
A: unfitting armour, cold-blooded, AC +5
a: no special abilities


You were on level 3 of the Dungeon.
You were hungry.

You visited 1 branch of the dungeon, and saw 3 of its levels.

You collected 12 gold pieces.

Inventory:

Hand Weapons
 c - a +0 club
 i - a +0 club
 l - a cursed +0 whip (weapon)
Missiles
 f - 7 tomahawks (quivered)
Potions
 d - a potion of berserk rage {unknown}
 g - a potion of curing {unknown}
 k - a potion of lignification {unknown}
Books
 a - a book of Necromancy

   Spells                             Type                      Level
   a - Pain                           Necromancy                   1
   b - Animate Skeleton               Necromancy                   1
   c - Vampiric Draining              Necromancy                   3
   d - Regeneration                   Charms/Necromancy            3
   e - Animate Dead                   Necromancy                   4
   f - Control Undead                 Necromancy                   4
Comestibles
 b - a bread ration
 h - a royal jelly
 j - 2 chunks of flesh


   Skills:
 - Level 1.7 Dodging
 - Level 1.7 Stealth
 + Level 2.3 Spellcasting
 * Level 4.8 Necromancy


You had one spell level left.
You knew the following spells:

 Your Spells              Type           Power        Failure   Level  Hunger
a - Pain                  Necr           ###.         2%          1    #......
n - Animate Skeleton      Necr           N/A          2%          1    #......
v - Vampiric Draining     Necr           ###.......   9%          3    ###....


Dungeon Overview and Level Annotations

Branches:
Dungeon (3/15)

Altars:
Fedhas
Xom


Innate Abilities, Weirdness & Mutations

Your plain brown scales are hard. (AC +5)
You cannot fit into any form of body armour.
You are cold-blooded and may be slowed by cold attacks.


Message History

You open the door.
Found a shimmering altar of Xom.
There is an open door here.
You open the door.
There is an open door here.
You open the door.
Found a stone staircase leading down.
There is a stone staircase leading down here.
You climb downwards.
Your mindless thrall stays behind.
Found a purple potion.
There is a stone staircase leading up here.
Found a runed whip.
k - a purple potion You see here a hand axe.
A rat comes into view.
Found a scroll labeled OSA URAUMIACK.
You see here a runed whip.
l - a runed whip Wield which item (- for none, * to show all)? (? for menu, Esc to quit)
It sticks to your hand!
l - a cursed +0 whip (weapon)
You can't rest with a hostile monster in view!
Unknown command.
Casting: Animate Skeleton
Confirm with . or Enter, or press ? or * to list all spells.
Aiming: Pain
Press: ? - help, Shift-Dir - straight line, f - rat
Aim: a rat (chance to defeat MR: 87%)
The rat writhes in agony!
You kill the rat!
A kobold comes into view.
Autopickup is now off.
The kobold shouts!
You see here a scroll labeled OSA URAUMIACK.
As you read the scroll labeled OSA URAUMIACK, it crumbles to dust.
The creatures around you are filled with an inner flame!
It was a scroll of immolation.
Casting: Pain
Confirm with . or Enter, or press ? or * to list all spells.
Aiming: Pain
Press: ? - help, Shift-Dir - straight line, f - kobold
Aim: a kobold (inner flame, chance to defeat MR: 87%)
The kobold writhes in agony!
The kobold explodes!
You hear a shout! x2
Found a murky silvery potion.
Found 19 sling bullets and 10 gold pieces.
As you read the scroll labeled WETHRU FUDAZI, it crumbles to dust.
It is a scroll of enchant armour.
You aren't carrying any armour which can be enchanted further.
You see here a murky silvery potion.
e - a murky silvery potion
Found a blossoming altar of Fedhas.
A goblin comes into view.
An adder comes into view.
The adder hisses angrily.
The goblin shouts!
An orc comes into view. It is wielding a flail.
The adder bites you but does no damage.
Casting: Pain
Confirm with . or Enter, or press ? or * to list all spells.
Aiming: Pain
Press: ? - help, Shift-Dir - straight line, f - adder
Aim: an adder (chance to defeat MR: 82%)
The adder barely resists.
The adder closely misses you. x2
Casting: Pain
Confirm with . or Enter, or press ? or * to list all spells.
Aiming: Vampiric Draining
Press: ? - help, Shift-Dir - straight line, f/p - adder
Aim: an adder The adder is moderately wounded.
You feel life coursing into your body.
You are feeling hungry.
The adder closely misses you.
Casting: Vampiric Draining
Confirm with . or Enter, or press ? or * to list all spells.
Aiming: Pain
Press: ? - help, Shift-Dir - straight line, f/p - adder
Aim: an adder (moderately wounded, chance to defeat MR: 82%)
The adder barely resists.
The adder bites you but does no damage.
Casting: Pain
Confirm with . or Enter, or press ? or * to list all spells.
Aiming: Pain
Press: ? - help, Shift-Dir - straight line, f/p - adder
Aim: an adder (moderately wounded, chance to defeat MR: 82%)
The adder barely resists.
The adder bites you but does no damage. The adder barely misses you.
Casting: Pain
Confirm with . or Enter, or press ? or * to list all spells.
You don't have enough magic to cast that spell.
It was a potion of invisibility.
You fade into invisibility!
The goblin wields a hunting sling.
The goblin shoots a stone.
The stone misses the adder.
The stone closely misses you. The adder closely misses you.
You are very lightly contaminated with residual magic.
The goblin shoots a stone.
The stone completely misses the adder.
The stone hits you but does no damage.
Unknown command.
Unknown command.
Are you sure you want to abandon this character and quit the game? (Confirm with "yes".)

###.#.# #.....###
#.P.P.... #.._...#
#.P.P..# #o....# #g#
#S# #@# ###.##..##
####........#
#........(##.#
#.##........#
#.##.#..$.....
..######.##.####.#.##
............# #.#.#
..####......# #.#.##


You could see an adder, an orc and a goblin.

Vanquished Creatures
  An adder (D:2)
  A dart slug (D:1)
  A leopard gecko (D:1)
  5 bats (D:1)
  2 giant cockroaches
  A goblin (D:1)
  5 hobgoblins (D:1)
  2 kobolds
  A ball python (D:1)
  5 rats
24 creatures vanquished.

Notes
Turn   | Place    | Note
-------+----------+-------------------------------------------
     0 | D:1      | tidbits the Draconian Necromancer began the quest for the Orb.
     0 | D:1      | Reached XP level 1. HP: 14/14 MP: 3/3
   239 | D:1      | Reached XP level 2. HP: 14/20 MP: 3/5
   242 | D:1      | Learned a level 1 spell: Animate Skeleton
   826 | D:2      | Reached XP level 3. HP: 16/26 MP: 0/6
   831 | D:2      | Learned a level 3 spell: Vampiric Draining
   873 | D:2      | Found a shimmering altar of Xom.
   937 | D:3      | Found a blossoming altar of Fedhas.
   948 | D:3      | Quit the game

Vault maps used:
D:1:      shiori_arrival_elements, kennysheep_flooded_box,
          hangedman_decor_points
D:2:      lemuel_doored_altar, minmay_misc_feat_square,
          nicolae_tso_carved_into_rock
D:3:      gammafunk_temple_overflow_arena, overflow_temple_1_default,
          fedhas_altar_1

Action                   || total
-------------------------++-------
Melee: Unarmed           ||     3
 Cast: Pain              ||    56
       Animate Skeleton  ||     1
       Vampiric Draining ||     1
  Use: Scroll            ||     2
       Potion            ||     1
  Eat: Chunk             ||     2
Armor: Skin              ||    10
Dodge: Dodged            ||    16

Table legend:
 A = Spawn XP
 B = Non-spawn XP
 C = Spawn XP percentage of total XP
 D = Spawn monster count
 E = Non-spawn monster count
 F = Spawn count percentage of total count
 G = Total turns spent on level
                    A         B        C        D         E        F      G
               +---------+---------+-------+---------+---------+-------+---------
         Total |       0 |      53 |   0.0 |       0 |      24 |   0.0 |   948
               +---------+---------+-------+---------+---------+-------+---------
           D:1 |       0 |      36 |   0.0 |       0 |      20 |   0.0 |   774
           D:2 |       0 |      15 |   0.0 |       0 |       2 |   0.0 |   130
           D:3 |       0 |       2 |   0.0 |       0 |       2 |   0.0 |    44
               +---------+---------+-------+---------+---------+-------+---------

Table legend:
 A = Turns spent in this place as a percentage of turns spent in the entire game.
 B = Non-inter-level travel turns spent in this place as a percentage of non-inter-level travel turns spent in the entire game.
 C = Inter-level travel turns spent in this place as a percentage of turns spent in this place.
 D = Turns resting spent in this place as a percentage of non-inter-level travel turns spent in this place.
 E = Turns spent auto-exploring this place as a percentage of non-inter-level travel turns spent in this place.
 F = Non-inter-level travel turns spent in this place divided by the number of levels of this place that you've seen.
                   A       B       C       D       E      F
               +-------+-------+-------+-------+-------+----------------------
         Total | 100.0 | 100.0 |   3.0 |   0.0 |   0.0 | 306.7
       Dungeon | 100.0 | 100.0 |   3.0 |   0.0 |   0.0 | 306.7
               +-------+-------+-------+-------+-------+----------------------

Table legend:
 A = Kills in this place as a percentage of kills in entire the game.
 B = Kills by you in this place as a percentage of kills by you in the entire game.
 C = Kills by friends in this place as a percentage of kills by friends in the entire game.
 D = Other kills in this place as a percentage of other kills in the entire game.
 E = Experience gained in this place as a percentage of experience gained in the entire game.
 F = Experience gained in this place divided by the number of levels of this place that you have seen.
                   A       B       C       D       E      F
               +-------+-------+-------+-------+-------+----------------------
         Total | 100.0 | 100.0 |   N/A |   N/A | 100.0 |  17.7
       Dungeon | 100.0 | 100.0 |   N/A |   N/A | 100.0 |  17.7
               +-------+-------+-------+-------+-------+----------------------

Vault maps used:
D:1:      shiori_arrival_elements, kennysheep_flooded_box,
          hangedman_decor_points
D:2:      lemuel_doored_altar, minmay_misc_feat_square,
          nicolae_tso_carved_into_rock
D:3:      gammafunk_temple_overflow_arena, overflow_temple_1_default,
          fedhas_altar_1
